 Dungeon Crawl Stone Soup version 0.30-a0-778-g2ef04afb54 (webtiles) character file.

Game seed: 11053185454716044890

210 xian the Shooter (level 5, -3/26 HPs)
             Began as a Spriggan Hunter on Feb 17, 2023.
             Killed by divine providence
             ... invoked by an orc priest
              (14 damage)
             ... on level 3 of the Dungeon.
             The game lasted 00:02:49 (1673 turns).

xian the Shooter (Spriggan Hunter)                  Turns: 1673, Time: 00:02:50

Health: -3/26      AC:  2    Str:  9      XL:     5   Next: 56%
Magic:  6/6        EV: 18    Int: 10 (11) God:
Gold:   114        SH:  0    Dex: 18      Spells: 4/4 levels left

rFire   . . .      SeeInvis +    a - +0 shortbow
rCold   . . .      Faith    .    (shield currently unavailable)
rNeg    . . .      Spirit   .    c - +0 robe
rPois   .          Reflect  .    (helmet restricted)
rElec   .          Harm     .    (no cloak)
rCorr   .          Rampage  .    (gloves unavailable)
Will    .....                    (boots unavailable)
Stlth   ++                       (no amulet)
HPRegen 0.24/turn                (no ring)
MPRegen 0.10/turn                (no ring)

@: very quick
A: very small, no large weapons, unfitting armour, see invisible, speed 3
a: no special abilities


You were on level 3 of the Dungeon.
You visited 1 branch of the dungeon, and saw 3 of its levels.

You collected 114 gold pieces.

Inventory:

Hand Weapons
 a - a +0 shortbow (weapon)
 i - a +1 dagger of venom
Missiles
 d - 6 boomerangs
Armour
 c - a +0 robe (worn)
Wands
 g - a wand of light (1)
 h - a wand of mindburst (14)
Scrolls
 b - a scroll of immolation
 f - a scroll of poison
 j - a scroll of vulnerability {unknown}
 l - a scroll of teleportation
Potions
 e - a potion of invisibility {unknown}
 k - a potion of resistance {unknown}


   Skills:
 + Level 2.2 Fighting
 + Level 6.3 Ranged Weapons
 + Level 3.2 Dodging
 + Level 2.2 Stealth


You had 4 spell levels left.
You didn't know any spells.
Your spell library contained the following spells:

 Spells                   Type           Power      Damage    Failure   Level
 Summon Small Mammal      Summ           0%         N/A       36%         1
 Call Canine Familiar     Summ           0%         N/A       75%         3
 Portal Projectile        Hex/Tloc       0%         N/A       75%         3
 Summon Guardian Golem    Hex/Summ       0%         N/A       75%         3
 Tukima's Dance           Hex            0%         N/A       75%         3
 Blade Hands              Tmut           0%         N/A       100%        5


Dungeon Overview and Level Annotations

Branches:
Dungeon (3/15)

Altars:
Ashenzari

Shops:
D:2 ?


Innate Abilities, Weirdness & Mutations

You are very small and have problems with some larger weapons.
You are too small for most types of armour.
You have supernaturally acute eyesight. (SInv)
You cover ground extremely quickly. (Speed+++)


Message History

An adder comes into view.
You shoot an arrow. The arrow hits the adder.
The adder hisses angrily.
The adder is lightly wounded.
You shoot an arrow. The arrow hits the adder.
The adder is heavily wounded.
You shoot an arrow. The arrow hits the adder.
You kill the adder!
No target in view!
No target in view!
No target in view!
Found 3 stones.
You now have 114 gold pieces (gained 3).
k - a fuming blue potion
l - a scroll of teleportation No target in view!
No target in view!
No target in view!
An orc priest comes into view. It is wielding a +0 dagger.
The orc priest shouts!
You see here 12 gold pieces.
You shoot an arrow. The arrow hits the orc priest.
The orc priest is moderately wounded.
An orc priest comes into view. It is wielding a +0 club.
An orc comes into view. It is wielding a +0 whip.
You shoot an arrow. The arrow barely misses the orc priest.
The orc shouts!
You shoot an arrow. The arrow hits the orc priest!
The orc priest is severely wounded.
You shoot an arrow. The arrow barely misses the orc priest.
The orc priest invokes the aid of Beogh against you.
Beogh smites you!
Ouch! That really hurt!
You are too injured to fight recklessly!
Unknown command.
The orc priest begins to cast a cantrip, but forgets the words!
The orc priest invokes the aid of Beogh against you.
Beogh smites you!
Ouch! That really hurt!
You die...

...####.## #......###
#.##.....# # #..##....##
.. # #.#......##### ...
..###............###....
......................#
..####†.#...........##
....##..#.......@...#
###.#..........$....#
###....................#
###....##.......o..##.##
...............o...?. .#
......###......o...##...
......# #..........# #
......# #..........#
....>.# #...........


You could see 2 orc priests and an orc.

Vanquished Creatures
  Sigmund (D:2)
  2 adders
  A dart slug (D:2)
  6 ball pythons
  4 endoplasms
  2 goblins (D:2)
  4 hobgoblins
  2 quokkas
  2 bats
  4 frilled lizards
28 creatures vanquished.

Notes
Turn   | Place    | Note
-------+----------+-------------------------------------------
     0 | D:1      | xian the Spriggan Hunter began the quest for the Orb.
     0 | D:1      | Reached XP level 1. HP: 10/10 MP: 2/2
   279 | D:1      | Reached XP level 2. HP: 14/14 MP: 3/3
   912 | D:2      | Noticed Sigmund
   926 | D:2      | Killed Sigmund
   927 | D:2      | Reached skill level 6 in Ranged Weapons
   927 | D:2      | Reached XP level 3. HP: 12/18 MP: 4/4
   927 | D:2      | Reached XP level 4. HP: 15/23 MP: 5/5
   927 | D:2      | Reached XP level 5. HP: 17/26 MP: 6/6
  1215 | D:2      | Found Wonkia's Magic Scroll Shoppe.
  1632 | D:3      | Found a broken altar of Ashenzari.
  1673 | D:3      | Killed from afar by an orc priest

Illustrated notes

Levels and vault maps discovered:
D:1:      dpeg_arrival_round_b, layout_basic
D:2:      layout_basic, serial_shops, nicolae_shop_advertising_works
          [nicolae_subvault_shop_adworks], chequers_serial_rivers_micro_e,
          amethyst_killhole, st_stairs_10, uniq_sigmund
D:3:      layout_rooms, cheibrodos_ashenzari_chains, grunt_temple_overflow_open,
          minmay_misc_feat_rows, chequers_jeans, roderic_lattice_a

Skill      XL: |  1  2 |
---------------+-------+-----
Fighting       | 2 |  2.2
Ranged Weapons | 6 |  6.3
Dodging        | 3 |  3.2
Stealth        | 2 |  2.2

Action                     |  1- 3 |  4- 6 || total
---------------------------+-------+-------++-------
  Melee: Dagger            |     5 |       ||     5
   Fire: Shortbow          |    54 |    15 ||    69
    Use: Potion            |     2 |       ||     2
         Scroll            |       |     3 ||     3
 Armour: Robe              |     1 |       ||     1
  Dodge: Dodged            |    25 |       ||    25

Table legend: (Time is in decaauts)
 A = Elapsed time spent in this place.
 B = Non-inter-level travel time spent in this place.
 C = Inter-level travel time spent in this place.
 D = Time resting spent in this place.
 E = Time spent auto-exploring this place.
 F = Levels seen in this place.
 G = Mean time per level.
                   A        B        C        D        E       F      G
               +--------+--------+--------+--------+--------+-----+--------+
         Total |   1089 |   1061 |     28 |      0 |    900 |   3 |  363.0 |
       Dungeon |   1089 |   1061 |     28 |      0 |    900 |   3 |  363.0 |
               +--------+--------+--------+--------+--------+-----+--------+

Top non-repeatable levels by time:
     D:2: 621 daAuts
     D:1: 403 daAuts
     D:3: 64 daAuts
